 Dungeon Crawl Stone Soup version 0.30-a0-341-g682706514a (webtiles) character file.

Game seed: 14207339831651467442

616164 MrRokkomies the Unforgettable (level 26, -3/270 HPs)
             Began as an Armataur Brigand on Nov 2, 2022.
             Was the Champion of Hepliaklqana.
             Slain by a green draconian monk (6 damage)
             ... on level 1 of the Realm of Zot on Nov 3, 2022.
             The game lasted 04:20:02 (57330 turns).

MrRokkomies the Unforgettable (Armataur Brigand)   Turns: 57330, Time: 04:20:02

Health: -3/270     AC: 47    Str: 17    XL:     26   Next: 38%
Magic:  33/33      EV: 12    Int: 20    God:    Hepliaklqana [******]
Gold:   8890       SH:  9    Dex: 18    Spells: 21/45 levels left

rFire   + + .      SeeInvis +    a - +9 double sword (venom)
rCold   . . .      Faith    .    P - +3 warlock's mirror {reflect}
rNeg    + + .      Spirit   .    X - +8 fire dragon scales
rPois   +          Reflect  +    u - +2 helmet of the Flute {Contam Rampage rElec}
rElec   +          Harm     .    D - +1 cloak of Starlight {*Dazzle EV+4 Stlth--}
rCorr   +          Roll     +    l - +2 pair of gloves
Will    ++...                    h - +10 Black Knight's barding {ponderous, rPois rN+}
Stlth   ..........               H - amulet of the Echidna {Regen+ Slay+3}
HPRegen 3.05/turn                n - ring "Huirchyti" {rC+ rN+ rCorr SInv}
MPRegen 0.23/turn                B - ring "Jolaastrosu" {Will+ Int+3 SInv}

@: berserking, about to teleport, slowed, constricted, studying 3 skills, slow
A: reduced essence, large, rugged brown scales 3, deformed body, armoured tail,
roll, long tongue, awkward tongue, clever 1, clumsy 1, frail 2, low MP 1,
regeneration 2
}: 4/15 runes: serpentine, barnacled, slimy, silver
a: Renounce Religion, Recall Ancestor, Ancestor Identity, Transference, Idealise


You were on level 1 of the Realm of Zot.
You worshipped Hepliaklqana.
Hepliaklqana was exalted by your worship.
You visited 12 branches of the dungeon, and saw 52 of its levels.
You visited 1 bazaar.
You also visited: Gauntlet, Ice Cave, Volcano, Wizlab and Desolation.

You collected 11539 gold pieces.
You spent 2649 gold pieces at shops.

Inventory:

Hand Weapons
 a - a +9 double sword of venom (weapon)
 b - the +9 dagger of Darkness {venom, Int+3}
   (You took it off a deep elf annihilator on level 3 of the Elven Halls)

   It poisons the flesh of those it strikes.
   Int:       It affects your intelligence (+3).
 j - a +1 antimagic demon blade
 t - a +6 scimitar of holy wrath
Missiles
 e - 14 curare-tipped darts
 k - 9 boomerangs (quivered)
 p - 7 javelins
 y - 5 throwing nets
 A - 28 atropa-tipped darts
 M - 7 silver boomerangs
 T - 6 silver javelins
Armour
 h - the +10 Black Knight's barding (worn) {ponderous, rPois rN+}
   (You acquired it on level 4 of the Dungeon)

   rPois:     It protects you from poison.
   rN:        It protects you from negative energy.
 l - a +2 pair of gloves (worn)
 u - the +2 helmet of the Flute (worn) {Contam Rampage rElec}
   (You found it in a Gauntlet)

   rElec:     It insulates you from electricity.
   Contam:    It causes magical contamination when unequipped.
   Rampage:   It bestows one free step when moving towards enemies.
 D - the +1 cloak of Starlight (worn) {*Dazzle EV+4 Stlth--}
   (You found it in a Gauntlet)

   It may blind those who miss an attack against the wearer in melee combat.
   EV:        It affects your evasion (+4).
   Stlth:     It makes you much less stealthy.
 P - the +3 warlock's mirror (worn) {reflect}
   (You found it on level 11 of the Dungeon)

   It can block and reflect piercing ranged attacks and magical attacks against
   the wielder's willpower.
 X - +8 fire dragon scales (worn)
Jewellery
 i - a +4 ring of slaying
 n - the ring "Huirchyti" (left hand) {rC+ rN+ rCorr SInv}
   (You found it on level 5 of the Pits of Slime)

   [ring of see invisible]

   rC:        It protects you from cold.
   rN:        It protects you from negative energy.
   SInv:      It lets you see invisible.
   rCorr:     It protects you from acid and corrosion.
 B - the ring "Jolaastrosu" (right hand) {Will+ Int+3 SInv}
   (You took it off a minotaur in a Gauntlet)

   [ring of see invisible]

   Int:       It affects your intelligence (+3).
   SInv:      It lets you see invisible.
   Will:      It increases your willpower.
 H - the amulet of the Echidna (around neck) {Regen+ Slay+3}
   (You found it on level 2 of the Vaults)

   [amulet of regeneration]

   Slay:      It affects your accuracy & damage with ranged weapons and melee
   (+3).
   Regen:     It increases your rate of health regeneration.
 Q - the amulet "Hyoghikh" {Regen+ rCorr}
   (You found it on level 11 of the Dungeon)

   [amulet of regeneration]

   Regen:     It increases your rate of health regeneration.
   rCorr:     It protects you from acid and corrosion.
 S - the ring "Fozezel" {Fly rC+ Str-4 SInv}
   (You found it on level 3 of the Crypt)

   [ring of flight]

   Str:       It affects your strength (-4).
   rC:        It protects you from cold.
   SInv:      It lets you see invisible.
   Fly:       It grants you flight.
Wands
 c - a wand of charming (10)
 q - a wand of roots (37)
 z - a wand of quicksilver (22)
 U - a wand of digging (13)
Scrolls
 d - 2 scrolls of silence
 f - 10 scrolls of butterflies
 r - a scroll of blinking
 G - 2 scrolls of torment
 I - 26 scrolls of teleportation
 O - 7 scrolls of enchant armour
 R - 5 scrolls of fear
 W - 4 scrolls of poison
 Z - 3 scrolls of magic mapping
Potions
 o - 2 potions of cancellation
 s - 8 potions of brilliance
 v - 2 potions of heal wounds
 w - 19 potions of mutation
 C - 5 potions of might
 E - 3 potions of berserk rage
 F - 22 potions of curing
 J - 4 potions of resistance
 K - 2 potions of invisibility
 N - 5 potions of ambrosia
 V - 9 potions of magic
 Y - 5 potions of haste
Miscellaneous
 g - a box of beasts
 m - a tin of tremorstones (2/2)
 x - a phantom mirror
 L - a condenser vane


   Skills:
 * Level 18.8 Fighting
 - Level 10.2(13.7) Short Blades
 - Level 14.7(16.0) Long Blades
 - Level 17.0 Throwing
 - Level 16.0 Armour
 + Level 13.1 Dodging
 - Level 18.0 Stealth
 - Level 6.0 Shields
 - Level 10.0 Spellcasting
 - Level 5.0 Conjurations
 * Level 15.6 Hexes
 + Level 19.8 Invocations


You had 21 spell levels left.
You knew the following spells:

 Your Spells              Type           Power      Damage    Failure   Level
a - Dazzling Flash        Conj/Hex       100%       N/A       1%          3
b - Confusing Touch       Hex            64%        N/A       1%          3
c - Tukima's Dance        Hex            64%        N/A       1%          3
d - Discord               Hex            32%        N/A       94%         8
e - Enfeeble              Hex            32%        N/A       30%         7

Your spell library contained the following spells:

 Spells                   Type           Power      Damage    Failure   Level
 Slow                     Hex            100%       N/A       1%          1
 Ensorcelled Hibernation  Hex/Ice        82%        N/A       1%          2
 Cause Fear               Hex            32%        N/A       1%          4
 Magic Dart               Conj           100%       1d8       2%          1
 Inner Flame              Hex/Fire       41%        N/A       2%          3
 Portal Projectile        Hex/Tloc       82%        N/A       2%          3
 Foxfire                  Conj/Fire      80%        2x1d8     8%          1
 Anguish                  Hex/Necr       20%        N/A       9%          4
 Leda's Liquefaction      Hex/Erth       20%        N/A       9%          4
 Apportation              Tloc           20%        N/A       22%         1
 Beastly Appendage        Tmut           20%        N/A       22%         1
 Freeze                   Ice            40%        1d6       22%         1
 Necrotise                Necr           40%        1d6       22%         1
 Sandblast                Erth           20%        2d7       22%         1
 Sting                    Tmut/Pois      40%        1d5       22%         1
 Summon Small Mammal      Summ           40%        N/A       22%         1
 Hailstorm                Conj/Ice       20%        3d6       24%         3
 Stone Arrow              Conj/Erth      40%        3d9       24%         3
 Silence                  Hex/Air        20%        N/A       26%         5
 Summon Mana Viper        Hex/Summ       41%        N/A       26%         5
 Yara's Violent Unravell  Hex/Tmut       20%        3d9       26%         5
 Call Imp                 Summ           10%        N/A       32%         2
 Cigotuvi's Dreadful Rot  Necr/Pois/Air  20%        N/A       32%         2
 Passwall                 Tmut/Erth      8%         N/A       32%         2
 Poisonous Vapours        Pois/Air       20%        N/A       32%         2
 Scorch                   Fire           20%        2d6       32%         2
 Sublimation of Blood     Necr           10%        N/A       32%         2
 Wereblood                Tmut           10%        N/A       32%         2
 Mephitic Cloud           Conj/Pois/Air  16%        N/A       32%         3
 Call Canine Familiar     Summ           10%        N/A       54%         3
 Frozen Ramparts          Ice            20%        1d4       54%         3
 Ignite Poison            Fire/Tmut/Pois 10%        N/A       54%         3
 Ozocubu's Armour         Ice            10%        N/A       54%         3
 Spider Form              Tmut/Pois      10%        N/A       54%         3
 Swiftness                Air            10%        N/A       54%         3
 Vampiric Draining        Necr           10%        2d6       54%         3
 Flame Wave               Conj/Fire      20%        2d7       61%         4
 Sticky Flame             Conj/Fire      20%        2d4       61%         4
 Iskenderun's Battlesphe  Conj           30%        2d8       61%         5
 Animate Armour           Summ/Erth      20%        N/A       91%         4
 Animate Dead             Necr           10%        N/A       91%         4
 Dispel Undead            Necr           10%        3d9       91%         4
 Manifold Assault         Tloc           10%        N/A       91%         4
 Olgreb's Toxic Radiance  Pois           10%        N/A       91%         4
 Passage of Golubria      Tloc           10%        N/A       91%         4
 Petrify                  Tmut/Erth      10%        N/A       91%         4
 Summon Ice Beast         Ice/Summ       10%        N/A       91%         4
 Summon Lightning Spire   Summ/Air       10%        N/A       91%         4
 Fireball                 Conj/Fire      10%        3d6       91%         5
 Irradiate                Conj/Tmut      10%        3d15      91%         5
 Freezing Cloud           Conj/Ice/Air   8%         6-21      97%         5
 Agony                    Necr           10%        N/A       99%         5
 Alistair's Intoxication  Tmut/Pois      6%         N/A       99%         5
 Blade Hands              Tmut           5%         N/A       99%         5
 Borgnjor's Vile Clutch   Necr/Erth      5%         N/A       99%         5
 Lee's Rapid Deconstruct  Erth           5%         3d6*      99%         5
 Summon Forest            Summ/Tloc      5%         N/A       99%         5
 Conjure Ball Lightning   Conj/Air       10%        3x3d6     100%        6
 Death Channel            Necr           5%         N/A       100%        6
 Dispersal                Tloc           5%         N/A       100%        6
 Eringya's Noxious Bog    Tmut/Pois      5%         N/A       100%        6
 Iron Shot                Conj/Erth      10%        9d3       100%        6
 Simulacrum               Ice/Necr       5%         N/A       100%        6
 Starburst                Conj/Fire      10%        6d5       100%        6
 Statue Form              Tmut/Erth      6%         N/A       100%        6
 Summon Cactus Giant      Summ           5%         N/A       100%        6
 Haunt                    Necr/Summ      5%         N/A       100%        7
 Malign Gateway           Summ/Tloc      5%         N/A       100%        7
 Monstrous Menagerie      Summ           5%         N/A       100%        7
 Orb of Destruction       Conj           15%        9d7       100%        7
 Ozocubu's Refrigeration  Ice            5%         4d8       100%        7
 Storm Form               Tmut/Air       5%         N/A       100%        7
 Summon Hydra             Summ           5%         N/A       100%        7
 Disjunction              Tloc           5%         N/A       100%        8
 Ignition                 Fire           5%         3d4       100%        8
 Infestation              Necr           5%         N/A       100%        8
 Lehudib's Crystal Spear  Conj/Erth      10%        10d4      100%        8
 Maxwell's Capacitive Co  Air            5%         ∞         100%        8
 Necromutation            Tmut/Necr      5%         N/A       100%        8
 Summon Horrible Things   Summ           5%         N/A       100%        8
 Chain Lightning          Conj/Air       10%        3d13      100%        9
 Fire Storm               Conj/Fire      10%        8d3       100%        9
 Polar Vortex             Ice            5%         N/A       100%        9
 Shatter                  Erth           5%         3d8*      100%        9


Dungeon Overview and Level Annotations

Branches:
Dungeon (15/15)            Temple (1/1) D:5            Lair (5/5) D:10
 Shoals (4/4) Lair:2        Snake (4/4) Lair:2        Slime (5/5) Lair:4
    Orc (2/2) D:11            Elf (3/3) Orc:2        Vaults (5/5) D:13
  Crypt (3/3) Vaults:3       Tomb (0/3) Crypt:3      Depths (4/4) D:15
    Zot (1/5) Depths:4      IceCv (visited)         Volcano (visited)
 WizLab (visited)         Desolation (visited)      Gauntlet (visited)

Altars:
Ashenzari
Cheibriados
Dithmenos
Elyvilon
Fedhas
Gozag
Hepliaklqana
Kikubaaqudgha
Makhleb
Nemelex Xobeh
Okawaru
Qazlal
Ru
Sif Muna
Trog
Uskayaw
Vehumet
Wu Jian
Xom
Yredelemnul
Zin
The Shining One
Jiyva

Shops:
D:11 [   D:12 [   D:13 :   D:14 (   Orc:2 !:?!(   Elf:1 *   Snake:1 !(
Snake:2 [=*!   Snake:3 :   Vaults:4 [   Vaults:5 *   Depths:3 (

Portals:
Hell: Depths:1 Depths:2 Depths:3 Depths:4
Abyss: D:4 Depths:3
Pandemonium: Depths:1 Depths:2 Depths:4
Ziggurat: Depths:1
Trove: Depths:1 (give +6 demon trident)

Annotations:
D:5 2 transporters
D:6 Blork the orc
D:13 exclusion: ice statue
Shoals:3 Roxanne
Elf:1 1 runed translucent door, Cakin's ghost, adept DDNe


Innate Abilities, Weirdness & Mutations

Your life essence is reduced to manifest your ancestor. (-10% HP)
You are completely covered in rugged brown scales. (AC +3, +7% HP)
Armour fits poorly on your strangely shaped body.
You have a long armoured tail.
You roll when moving toward enemies. (Rampage)
Your long tongue fully drains potion bottles. (2x potion effects)
Your tongue gives you trouble enunciating. (1.5x scroll delay)
Your mind is acute. (Int +4, Str/Dex -1)
You are clumsy. (Dex -2)
You are very frail. (-20% HP)
Your magical capacity is low. (-10% MP)
You heal very quickly.


Message History

The green draconian monk rages.
The tentacled monstrosity completely misses you.
The tentacled monstrosity tentacle-slaps you but does no damage. x2
The tentacled monstrosity constricts you.
The black draconian rages.
You block the quicksilver dragon's attack. x2
The green draconian monk hits you!
* * * LOW HITPOINT WARNING * * *
The green draconian monk kicks you but does no damage.
The green draconian monk completely misses you.
The green draconian monk tail-slaps you but does no damage.
The storm dragon rages.
The quicksilver dragon bites you.
* * * LOW HITPOINT WARNING * * *
The quicksilver dragon claws you but does no damage.
You hear a roar!
Unknown command.
You slash the quicksilver dragon!
The quicksilver dragon looks as sick as possible!
The quicksilver dragon is lightly wounded.
You block the death cob's attack.
The death cob hits you but does no damage. x2
You block the quicksilver dragon's attack.
The quicksilver dragon claws you but does no damage.
The death cob closely misses you.
You block the quicksilver dragon's attack.
The quicksilver dragon barely misses you.
The tentacled monstrosity tentacle-slaps you.
* * * LOW HITPOINT WARNING * * *
The tentacled monstrosity barely misses you.
The tentacled monstrosity closely misses you.
The tentacled monstrosity constricts you.
The storm dragon rages.
The moth of wrath angrily waves its antennae.
The green draconian monk hits you.
* * * LOW HITPOINT WARNING * * *
The green draconian monk kicks you.
* * * LOW HITPOINT WARNING * * *
The green draconian monk tail-slaps you.
You die...

##............#
#.............#
#.............#
#...!..>......#
#....dDdd......
....ddd8yy.....
....yqDzDy.....
...ddyq@qy.....
#...dyzDXq.....
.....DyqD/.....
##....yy.......
##............
#...##........
#..# ####.....
... .^...


You could see a shadow dragon, a tentacled monstrosity (berserk), 3 draconians,
a black draconian knight (fast, invisible), a storm dragon (berserk), 2
draconians, a yellow draconian (berserk), a green draconian (berserk), a red
draconian, 4 draconians, 2 death cobs, 4 quicksilver dragons, a red draconian
scorcher and 10 moths of wrath.

Vanquished Creatures
  the Royal Jelly (Slime:5)
  A juggernaut (Depths:4)
  Margery (Vaults:4)
  Frederick (Crypt:3)
  Saint Roka (Snake:3)
  Bai Suzhen (Elf:3)
  4 caustic shrikes
  Nikola (Vaults:1)
  Jory (Crypt:3)
  A profane servitor (Crypt:3)
  6 golden dragons
  2 tentacled monstrosities
  Rupert (D:13)
  2 walking crystal tomes (Depths:4)
  A deep elf blademaster (Elf:2)
  2 liches
  7 titans
  A walking divine tome (Depths:4)
  3 deep elf master archers
  A quicksilver dragon (shapeshifter) (Depths:2)
  13 acid blobs
  Frances (Snake:2)
  2 quicksilver dragons
  8 sphinxes
  2 ancient champions
  A tentacled starspawn (WizLab)
  7 tengu reavers
  4 shadow dragons
  Gastronok (Lair:3)
  3 storm dragons
  3 nagarajas (Snake:4)
  2 revenants
  12 fire giants
  11 azure jellies
  11 frost giants
  10 rockslimes
  A draconian scorcher (Depths:1)
  Aizul (Vaults:1)
  An iron dragon (shapeshifter) (Depths:2)
  9 vault wardens
  4 iron dragons
  A cacodemon (WizLab)
  A draconian shifter (Depths:4)
  2 curse skulls
  5 deep elf sorcerers (Elf:3)
  A ghost moth (shapeshifter) (D:15)
  An imperial myrmidon (Desolation)
  A juggernaut zombie (Crypt:2)
  2 draconian annihilators
  6 spriggan defenders
  An orc warlord (Vaults:4)
  12 stone giants
  A draconian stormcaller (Depths:1)
  22 ironbound preservers
  24 very ugly things
  15 ghouls
  7 war gargoyles
  6 ironbound thunderhulks
  4 deep elf elementalists
  14 quicksilver oozes
  A reaper (Crypt:2)
  7 deep elf demonologists
  7 vampire knights
  3 green draconians (Depths:4)
  13 deep elf annihilators
  A bunyip (shapeshifter) (Depths:2)
  A purple draconian (Depths:1)
  A red draconian (Depths:4)
  3 black draconians (Depths:4)
  6 dire elephants
  A minotaur (Gauntlet)
  A yellow draconian (Depths:4)
  14 spark wasps
  Josephine (D:13)
  A crystal guardian (Depths:2)
  19 jiangshi
  4 eidola
  10 ettins
  6 merfolk impalers
  A merfolk javelineer (Shoals:3)
  13 yaktaur captains
  An entropy weaver (Vaults:1)
  4 deep elf death magi
  7 fire dragons
  3 rakshasas
  7 deep elf high priests
  26 vault guards
  8 great orbs of eyes
  2 servants of whispers
  A caustic shrike simulacrum (Crypt:2)
  A peacekeeper (Desolation)
  A salamander tyrant (Snake:4)
  A quicksilver dragon skeleton (Crypt:1)
  2 ice dragons (shapeshifter)
  4 alligator snapping turtles
  7 ice dragons
  4 merfolk aquamancers
  5 spriggan air magi
  3 merfolk avatars
  17 centaur warriors
  6 boulder beetles
  7 hydras
  An ogre mage (Vaults:2)
  7 anacondas
  A spriggan skeleton (Crypt:2)
  3 catoblepae
  A juggernaut simulacrum (Depths:2)
  7 ironbound frosthearts
  3 tengu warriors
  5 death knights
  9 two-headed ogres
  A two-headed ogre (shapeshifter) (Vaults:5)
  25 dancing weapons
  A satyr (Shoals:4)
  5 vampire magi
  12 naga warriors
  7 deep troll earth magi
  3 hell hogs (Depths:1)
  An Orb Guardian skeleton (Crypt:1)
  2 shock serpents
  4 spriggan berserkers
  4 death yaks (Lair:1)
  7 deep troll shamans
  Urug (D:12)
  A shock serpent (shapeshifter) (Elf:3)
  A spectral dire elephant (Crypt:3)
  8 naga sharpshooters
  A titan zombie (Crypt:2)
  3 sun demons (Depths:1)
  3 orc high priests
  13 hell knights
  8 soul eaters
  4 shadow wraiths
  A wretched star (WizLab)
  15 deep elf knights
  8 iron trolls
  3 salamander mystics
  28 skeletal warriors
  13 glowing orange brains
  16 sea snakes
  58 deep trolls
  A steelbarb worm (shapeshifter) (Depths:4)
  A bunyip zombie (Crypt:1)
  10 necromancers
  4 orange crystal statues
  A kraken simulacrum (Shoals:4)
  2 flayed ghosts
  10 wizards
  5 phantasmal warriors
  13 naga ritualists
  A bog body (Crypt:2)
  19 ironbound convokers
  12 lindwurms
  10 deep elf archers
  8 mana vipers
  6 orc sorcerers
  Pikel (D:6)
  31 deep elf zephyrmancers
  21 harpies
  9 orc knights
  29 deep elf pyromancers
  50 ugly things
  A fenstrider witch simulacrum (Crypt:1)
  15 manticores
  2 shining eyes
  3 fauns
  14 salamanders
  7 cyclopes
  38 black mambas
  2 elephants (Lair:5)
  2 merfolk sirens
  6 water nymphs
  A stone giant skeleton (Crypt:1)
  A water nymph (shapeshifter) (Elf:1)
  A rust devil (Depths:4)
  4 guardian serpents
  14 vault sentinels
  The ghost of paps the Magician, a novice DESu (D:5)
  A gargoyle (Gauntlet)
  A smoke demon (Depths:1)
  15 naga magi
  6 eyes of devastation
  A minotaur zombie (Crypt:2)
  7 cane toads
  4 molten gargoyles
  2 kobold demonologists
  2 human zombies
  28 yaktaurs
  4 rime drakes
  A dire elephant skeleton (Crypt:2)
  2 unseen horrors (Depths:3)
  4 freezing wraiths
  An efreet (D:15)
  2 golden dragon simulacra (Depths:2)
  5 tengu conjurers
  2 guardian mummies (Crypt:1)
  A yaktaur skeleton (Vaults:4)
  A pale draconian skeleton (Crypt:1)
  12 komodo dragons
  A black draconian skeleton (Crypt:2)
  A harpy zombie (Crypt:1)
  The ghost of aici the Cudgeller, an amateur MiFi (D:4)
  Prince Ribbit (D:6)
  A polar bear (Lair:4)
  4 hornets
  15 merfolk
  4 trolls
  Grinder (D:4)
  7 wind drakes
  A harpy skeleton (D:15)
  18 saltlings
  A tarantella (shapeshifter) (Depths:2)
  56 slime creatures
  9 dream sheep
  A dream sheep (shapeshifter) (Depths:2)
  9 snapping turtles
  11 blink frogs
  41 flying skulls (Crypt:3)
  4 air elementals
  3 spriggans
  5 shadows
  A vampire (D:12)
  14 wraiths
  11 starcursed masses (WizLab)
  16 water elementals
  27 yaks
  2 fire elementals
  3 hogs (D:12)
  6 basilisks
  7 wyverns
  A fire bat (Volcano)
  2 yaks (shapeshifter)
  16 humans
  6 chaos spawn
  4 sea snake simulacra (Shoals:4)
  2 golden eyes (Slime:5)
  2 neqoxecs
  A redback (shapeshifter) (Vaults:5)
  7 steam dragons
  3 vampire mosquitoes (D:13)
  2 redbacks (Vaults:1)
  An alligator snapping turtle simulacrum (Shoals:4)
  Menkaure (D:6)
  A death yak simulacrum (Shoals:4)
  A harpy simulacrum (Crypt:3)
  32 nagas
  A glowing shapeshifter zombie (Vaults:2)
  5 wargs
  4 acid dragons
  A swamp worm (shapeshifter) (D:15)
  9 large abominations
  A floating eye (shapeshifter) (Vaults:5)
  8 hell hounds
  2 human simulacra
  A floating eye (Slime:5)
  A glowing shapeshifter skeleton (Vaults:2)
  23 water moccasins
  A demonspawn skeleton (Crypt:1)
  A swamp dragon zombie (Crypt:1)
  5 hexers
  A sky beast (D:7)
  26 orc warriors
  10 ice beasts
  4 black bears
  5 great orb of eyes simulacra (IceCv)
  2 swamp drakes (Depths:1)
  6 ogres
  2 satyr simulacra (Shoals:4)
  19 wolves
  A lindwurm skeleton (Crypt:1)
  3 boggarts (Vaults:3)
  A hog zombie (Crypt:1)
  3 lemures (D:6)
  8 centaurs
  3 kobold brigands (D:9)
  3 slime creature simulacra (IceCv)
  9 bullfrogs
  A naga simulacrum (Crypt:3)
  4 scorpions
  A faun simulacrum (Shoals:4)
  3 glowing shapeshifter simulacra (IceCv)
  2 gnoll sergeants
  3 merfolk simulacra (Shoals:4)
  12 necrophages
  3 earth elementals
  9 wights
  A hornet simulacrum (D:13)
  3 manticore simulacra (Shoals:4)
  4 small abominations
  8 killer bees (D:10)
  6 electric eels
  5 lava snakes (Lair:5)
  A wolf skeleton (Crypt:2)
  2 howler monkeys
  3 centaur zombies
  2 hounds
  4 gnoll boudas
  Crazy Yiuf (D:6)
  12 orc priests
  2 cyclops simulacra (Shoals:4)
  Jessica (D:3)
  Natasha (thrice) (D:3)
  2 iguanas
  20 orc wizards
  6 hell rats (Lair:1)
  A human skeleton (Crypt:1)
  Terence (D:3)
  A deep dwarf zombie (Crypt:2)
  4 centaur simulacra (Shoals:4)
  5 mummies
  24 gnolls
  7 adders
  5 shadow imps
  4 white imps
  2 ufetubi
  A worm (D:7)
  2 dart slugs
  62 orcs
  6 bats
  8 endoplasms
  3 giant cockroaches
  8 goblins
  6 hobgoblins
  2 jackals (D:3)
  5 quokkas
  8 ball pythons
  3 frilled lizards
  A hobgoblin zombie (D:6)
  11 kobolds
  A kobold zombie (D:6)
  2 orc zombies (D:6)
  11 rats
2106 creatures vanquished.

Vanquished Creatures (collateral kills)
  Mara (Vaults:2)
  A caustic shrike (D:15)
  A golden dragon (Depths:4)
  A bone dragon (Crypt:3)
  A tentacled monstrosity (Vaults:5)
  2 liches
  A deep elf blademaster (Elf:3)
  A moon troll (WizLab)
  2 quicksilver dragons
  3 acid blobs
  4 tentacled starspawn (WizLab)
  3 ancient champions
  2 sphinxes
  2 storm dragons
  A tengu reaver (Depths:4)
  A nagaraja (Snake:4)
  2 shadow dragons
  2 azure jellies
  2 fire giants
  4 vault wardens
  3 deep elf sorcerers
  2 frost giants
  An iron dragon (Depths:2)
  A revenant (Crypt:2)
  A deep elf elementalist (Elf:3)
  3 ghouls (Crypt:2)
  An orc warlord (Vaults:3)
  A curse skull (Crypt:2)
  2 very ugly things
  3 ironbound preservers (Vaults:4)
  3 stone giants
  A war gargoyle (Depths:2)
  A quicksilver ooze (IceCv)
  A black draconian (Depths:1)
  A deep elf demonologist (Elf:3)
  A deep elf annihilator (Elf:3)
  A dire elephant (Vaults:4)
  3 jiangshi
  2 deep elf death magi
  A crystal guardian (Depths:2)
  A green death (Depths:4)
  An ettin (Vaults:5)
  A yaktaur captain (Vaults:5)
  4 great orbs of eyes
  2 rakshasas
  An ogre mage (Vaults:2)
  A hydra (D:14)
  A centaur warrior (Vaults:1)
  A servant of whispers (Desolation)
  A catoblepas (Lair:4)
  4 anacondas
  3 vault guards
  A merfolk avatar (Shoals:2)
  A salamander tyrant (Snake:4)
  A death yak (Lair:1)
  12 dancing weapons
  2 death knights (Crypt:2)
  3 naga warriors
  A deep troll earth mage (Depths:2)
  A shock serpent (Snake:2)
  A soul eater (Depths:4)
  5 naga sharpshooters
  An orc high priest (Orc:1)
  8 deep elf knights
  A salamander mystic (Snake:1)
  A swamp dragon (shapeshifter) (Depths:2)
  16 deep trolls
  4 skeletal warriors
  3 glowing orange brains
  5 sea snakes
  A bog body (Crypt:2)
  3 phantasmal warriors
  4 ironbound convokers
  2 necromancers
  2 deep elf archers
  3 deep elf zephyrmancers (Elf:1)
  2 lindwurms
  2 orc knights
  5 deep elf pyromancers
  4 mana vipers
  A shining eye (Slime:5)
  A faun (shapeshifter) (Depths:2)
  5 ugly things
  3 harpies
  2 orc sorcerers
  4 manticores
  A salamander (Volcano)
  A cyclops (D:15)
  A merfolk siren (Shoals:4)
  Maurice (D:12)
  A guardian serpent (Depths:3)
  An elephant (Lair:5)
  2 water nymphs
  6 black mambas
  5 vault sentinels
  A centaur zombie (D:15)
  2 eyes of devastation (WizLab)
  A smoke demon (Depths:1)
  A water nymph (shapeshifter) (Vaults:5)
  5 naga magi
  A molten gargoyle (Lair:5)
  A cane toad (Lair:3)
  A rime drake (Lair:5)
  3 freezing wraiths
  2 komodo dragons
  3 yaktaurs
  8 merfolk
  A polar bear (Lair:5)
  3 hornets (Depths:3)
  A mana viper skeleton (Crypt:2)
  2 saltlings (Desolation)
  11 slime creatures
  9 blink frogs
  3 dream sheep
  2 snapping turtles
  8 flying skulls (Crypt:3)
  3 spriggans (Depths:3)
  An air elemental (Elf:2)
  2 wraiths
  2 wyverns
  7 water elementals
  3 golden eyes
  4 yaks
  A redback (shapeshifter) (Depths:4)
  A yaktaur simulacrum (Vaults:4)
  6 water moccasins
  A warg (Snake:3)
  6 nagas
  A small abomination (Depths:3)
  4 orc warriors
  A great orb of eyes simulacrum (IceCv)
  3 starcursed masses (WizLab)
  2 slime creature simulacra (IceCv)
  2 bullfrogs
  2 necrophages
  A glowing shapeshifter simulacrum (IceCv)
  An orc priest (Orc:1)
  A human skeleton (Crypt:1)
  3 orc wizards
  A hell rat (Lair:1)
  A mummy (Crypt:1)
  A shadow imp (D:4)
  A white imp (Gauntlet)
  8 orcs
360 creatures vanquished.

Vanquished Creatures (others)
  Kirke (D:12)
  A fire giant (Depths:3)
  An ironbound preserver (Vaults:1)
  A spectral spriggan (Crypt:3)
  2 boulder beetles (D:15)
  A vampire mage (Depths:1)
  4 deep elf knights
  A naga ritualist (Snake:2)
  2 deep trolls (Vaults:1)
  An ironbound convoker (Vaults:1)
  3 deep elf zephyrmancers
  A deep elf pyromancer (Elf:1)
  A mana viper (Snake:4)
  A tengu conjurer (Depths:1)
  A saltling (Elf:2)
  A naga (Snake:4)
  A small abomination (Crypt:3)
  48 hexers
  3 ancestors
  An orc (Snake:3)
  A demonic plant (WizLab)
  24 fungi
  101 plants
  14 starspawn tentacles (WizLab)
216 creatures vanquished.

Grand Total: 2682 creatures vanquished

Notes
Turn   | Place    | Note
-------+----------+-------------------------------------------
     0 | D:1      | MrRokkomies the Armataur Brigand began the quest for the
                  | Orb.
     0 | D:1      | Reached XP level 1. HP: 18/18 MP: 1/1
    85 | D:1      | Reached XP level 2. HP: 19/25 MP: 2/2
   199 | D:1      | Reached skill level 1 in Dodging
   256 | D:1      | Reached XP level 3. HP: 28/32 MP: 3/3
   652 | D:2      | Reached XP level 4. HP: 31/39 MP: 4/4
   891 | D:2      | Reached skill level 5 in Stealth
   985 | D:2      | Learned a level 3 spell: Dazzling Flash
  1159 | D:2      | Reached XP level 5. HP: 48/48 MP: 5/5
  1463 | D:3      | Noticed Natasha
  1509 | D:3      | Killed Natasha
  1601 | D:3      | Noticed Jessica
  1606 | D:3      | Killed Jessica
  1660 | D:3      | Found an opulent altar of Gozag.
  1684 | D:3      | Noticed Natasha
  1703 | D:3      | Killed Natasha
  1715 | D:3      | Reached XP level 6. HP: 41/54 MP: 6/6
  1772 | D:3      | Identified the +1 chain mail "Pyl Feyd" {rC++ Will++ Int-2}
  1800 | D:3      | Noticed Natasha
  1827 | D:3      | Killed Natasha
  2090 | D:3      | Noticed Terence
  2104 | D:3      | Killed Terence
  2171 | D:3      | Found a glowing golden altar of the Shining One.
  2171 | D:3      | Found a white marble altar of Elyvilon.
  2171 | D:3      | Found a glowing silver altar of Zin.
  2488 | D:4      | Identified a scroll of acquirement
  2489 | D:4      | Acquired the +10 Black Knight's barding {ponderous, rPois
                  | rN+}
  2489 | D:4      | Found the +10 Black Knight's barding {ponderous, rPois rN+}
  2545 | D:4      | Found a shimmering altar of Xom.
  2782 | D:4      | Found a transporter.
  2845 | D:4      | Noticed aici's ghost (amateur MiFi)
  2986 | D:4      | Noticed Grinder
  3034 | D:4      | Killed Grinder
  3035 | D:4      | Reached XP level 7. HP: 40/64 MP: 7/7
  3225 | D:4      | Found a transporter.
  3289 | D:4      | Found a one-way gate to the infinite horrors of the Abyss.
  3394 | D:5      | Entered Level 5 of the Dungeon
  3435 | D:5      | Found a snail-covered altar of Cheibriados.
  3440 | D:5      | Found a broken altar of Ashenzari.
  3865 | D:5      | Found a staircase to the Ecumenical Temple.
  3872 | Temple   | Entered the Ecumenical Temple
  4212 | D:5      | Found a transporter.
  4222 | D:5      | Found a transporter.
  4356 | D:5      | Found a transporter.
  4356 | D:5      | Noticed paps's ghost (novice DESu)
  4357 | D:5      | Identified the +0 dire flail "Onafuo" {vorpal, rC+ Dex+3}
  4488 | D:6      | Found a shimmering blue altar of Sif Muna.
  4522 | D:6      | Reached skill level 5 in Fighting
  4561 | D:6      | Noticed Menkaure
  4564 | D:6      | Reached skill level 5 in Short Blades
  4575 | D:6      | Reached XP level 8. HP: 71/72 MP: 8/8
  4593 | D:6      | Killed Menkaure
  4855 | D:6      | Found a stormy altar of Qazlal.
  4904 | D:6      | Noticed Prince Ribbit
  4942 | D:6      | Killed Prince Ribbit
  5241 | D:6      | Noticed Blork the orc
  5327 | D:6      | Noticed Pikel
  5368 | D:6      | Killed Pikel
  5369 | D:6      | Reached XP level 9. HP: 69/83 MP: 9/9
  5459 | D:6      | Found a runed translucent door.
  5460 | D:6      | Noticed Crazy Yiuf
  5473 | D:6      | Killed Crazy Yiuf
  5477 | D:6      | Identified the +2 hammer of Demonkind {vorpal, rN+ rCorr}
  5478 | D:6      | Identified the +6 hammer of the Eight Wars {vorpal, Int+4
                  | Dex+2}
  5986 | D:7      | Identified the +6 hand axe of the Charming Ancients
                  | {vorpal, +Blink rElec}
  6475 | D:7      | Noticed a moth of wrath
  6478 | D:7      | Found a bloodstained altar of Trog.
  6594 | D:7      | Reached skill level 1 in Armour
  6603 | D:7      | Identified the +0 robe "Lanywk" {rF++ Dex-5}
  6712 | D:7      | Found a shadowy altar of Dithmenos.
  7864 | D:8      | Found a hide-covered altar of Uskayaw.
  7895 | D:8      | Reached XP level 10. HP: 41/94 MP: 10/10
  8912 | D:9      | Found an ancient bone altar of Kikubaaqudgha.
  9035 | D:9      | Noticed a two-headed ogre
  9040 | D:9      | Noticed a catoblepas
  9054 | D:9      | Killed a two-headed ogre
  9059 | D:9      | Noticed a two-headed ogre
  9061 | D:9      | Killed a catoblepas
  9062 | D:9      | Reached skill level 5 in Armour
  9332 | D:9      | Reached XP level 11. HP: 96/103 MP: 11/11
  9360 | D:9      | Got the Precepts of Shivering Incandescence
  9437 | D:9      | Noticed a two-headed ogre
  9462 | D:9      | Killed a two-headed ogre
 10125 | D:9      | Found a hazy altar of Hepliaklqana.
 10129 | D:9      | Became a worshipper of Hepliaklqana the Forgotten
 10582 | D:9      | Got Tuhit's Reference Book on Loathsome Transmutation
 10585 | D:9      | Identified the ring of Gaheedd {rElec Will+ MP-9 Str+3
                  | Dex+6}
 10768 | D:10     | Entered Level 10 of the Dungeon
 10779 | D:10     | Found a blossoming altar of Fedhas.
 10898 | D:10     | Reached skill level 10 in Stealth
 11013 | D:10     | Found a staircase to the Lair.
 11072 | D:10     | Reached skill level 10 in Fighting
 11185 | D:10     | Reached skill level 10 in Short Blades
 11376 | D:10     | Reached * piety under Hepliaklqana
 12235 | D:11     | Found the +3 warlock's mirror {reflect}
 12250 | D:11     | Identified the amulet "Hyoghikh" {Regen+ rCorr}
 12344 | D:11     | Found Juip Tya's Antique Armour Shop.
 12430 | D:11     | Noticed a two-headed ogre
 12454 | D:11     | Killed a two-headed ogre
 12455 | D:11     | Reached skill level 1 in Shields
 12455 | D:11     | Reached skill level 1 in Invocations
 12489 | D:11     | Noticed a two-headed ogre
 12497 | D:11     | Killed a two-headed ogre
 12498 | D:11     | Reached skill level 2 in Invocations
 12686 | D:11     | Reached XP level 12. HP: 90/106 MP: 3/14
 13004 | D:11     | Found a staircase to the Orcish Mines.
 13006 | D:11     | Reached skill level 3 in Invocations
 13131 | Lair:1   | Entered Level 1 of the Lair of Beasts
 13216 | Lair:1   | Noticed a death yak
 13281 | Lair:1   | Noticed a death yak
 13281 | Lair:1   | Noticed a death yak
 13281 | Lair:1   | Noticed a death yak
 13283 | Lair:1   | Noticed a death yak
 13292 | Lair:1   | Killed a death yak
 13310 | Lair:1   | Killed a death yak
 13311 | Lair:1   | Reached skill level 4 in Invocations
 13316 | Lair:1   | Killed a death yak
 13334 | Lair:1   | Killed a death yak
 13365 | Lair:1   | Killed a death yak
 13680 | Lair:1   | Reached ** piety under Hepliaklqana
 13681 | Lair:1   | Remembered your ancestor Lwandle as a hexer
 13799 | Lair:1   | Reached skill level 5 in Invocations
 14131 | Lair:2   | Noticed a four-headed hydra
 14140 | Lair:2   | Killed a four-headed hydra
 14317 | Lair:2   | Reached skill level 6 in Invocations
 14344 | Lair:2   | Found a staircase to the Snake Pit.
 14718 | Lair:2   | Noticed a four-headed hydra
 14732 | Lair:2   | Killed a four-headed hydra
 14733 | Lair:2   | Reached skill level 5 in Shields
 14733 | Lair:2   | Reached XP level 13. HP: 83/114 MP: 9/18
 14989 | Lair:2   | Found a staircase to the Shoals.
 15102 | Lair:3   | Noticed Gastronok
 15102 | Lair:3   | Reached *** piety under Hepliaklqana
 15110 | Lair:3   | Killed Gastronok
 15111 | Lair:3   | Reached skill level 7 in Invocations
 15316 | Lair:3   | Reached skill level 5 in Throwing
 15908 | Lair:4   | Found a staircase to the Slime Pits.
 15921 | Lair:4   | Reached skill level 8 in Invocations
 15966 | Lair:4   | Reached skill level 10 in Armour
 16715 | Lair:5   | Entered Level 5 of the Lair of Beasts
 16798 | Lair:5   | Reached skill level 9 in Invocations
 17078 | Lair:5   | Reached XP level 14. HP: 122/122 MP: 12/21
 17101 | Lair:5   | Reached **** piety under Hepliaklqana
 17233 | Lair:5   | Found a dark tunnel.
 17242 | Volcano  | Entered a volcano
 17540 | Lair:5   | Reached skill level 5 in Dodging
 17540 | Lair:5   | Reached skill level 10 in Invocations
 17974 | Lair:5   | Found a large runed translucent door.
 17974 | Lair:5   | Found a large runed translucent door.
 18645 | Orc:1    | Entered Level 1 of the Orcish Mines
 18650 | Orc:1    | Reached skill level 1 in Hexes
 18655 | Orc:1    | Reached skill level 1 in Conjurations
 18930 | Orc:2    | Entered Level 2 of the Orcish Mines
 19030 | Orc:2    | Found Ifag's Weapon Shop.
 19160 | Orc:2    | Found a staircase to the Elven Halls.
 19411 | Orc:2    | Found Focunlom's Distillery.
 19683 | Orc:2    | Found Owuryl's Book Shop.
 19707 | Orc:2    | Found Yjerosm's Magic Scroll Emporium.
 19711 | Orc:2    | Bought 2 potions of heal wounds for 130 gold pieces
 19714 | Orc:2    | Bought a scroll of enchant weapon for 97 gold pieces
 19714 | Orc:2    | Bought a scroll of enchant armour for 97 gold pieces
 19715 | Orc:2    | Found Raxox's Distillery.
 19728 | Orc:2    | Bought a potion of heal wounds for 85 gold pieces
 19728 | Orc:2    | Bought a potion of heal wounds for 85 gold pieces
 19728 | Orc:2    | Bought a potion of heal wounds for 85 gold pieces
 19862 | Orc:2    | Gained mutation: Your body sometimes deteriorates upon
                  | taking damage. [a neqoxec]
 19873 | Orc:2    | Lost mutation: Your body sometimes deteriorates upon taking
                  | damage. [potion of mutation]
 19873 | Orc:2    | Gained mutation: You have hidden genetic potential. [potion
                  | of mutation]
 19873 | Orc:2    | Gained mutation: You are frail. (-10% HP) [potion of
                  | mutation]
 19873 | Orc:2    | Gained mutation: Your natural rate of healing is unusually
                  | fast. [potion of mutation]
 20171 | D:12     | Reached ***** piety under Hepliaklqana
 20241 | D:12     | Noticed Kirke
 20304 | D:12     | Killed Kirke
 20313 | D:12     | Found a snail-covered altar of Cheibriados.
 20314 | D:12     | Found Cheibriados's Comfort Zone.
 20355 | D:12     | Noticed Maurice
 20368 | D:12     | Killed Maurice
 20647 | D:13     | Found a gate leading to a gauntlet.
 20654 | Gauntlet | Entered a Gauntlet
 20654 | Gauntlet | Found a transporter.
 20654 | Gauntlet | Found a transporter.
 20670 | Gauntlet | Found a transporter.
 20690 | Gauntlet | Found a transporter.
 20700 | Gauntlet | Found a transporter.
 20700 | Gauntlet | Found the +1 cloak of Starlight {*Dazzle EV+4 Stlth--}
 20704 | Gauntlet | Found a transporter.
 20714 | Gauntlet | Found a transporter.
 20735 | Gauntlet | Found a transporter.
 20752 | Gauntlet | Found a transporter.
 20756 | Gauntlet | Found a transporter.
 20756 | Gauntlet | Noticed a quicksilver ooze
 20759 | Gauntlet | a quicksilver ooze changed into a satyr
 20766 | Gauntlet | Found a transporter.
 20770 | Gauntlet | Found a transporter.
 20815 | Gauntlet | Noticed a frost giant
 20825 | Gauntlet | a frost giant changed into an iron giant
 20825 | Gauntlet | Noticed an iron giant (glowing shapeshifter)
 20830 | Gauntlet | an iron giant changed into an iron dragon
 20830 | Gauntlet | Noticed an iron dragon (glowing shapeshifter)
 20831 | Gauntlet | an iron dragon changed into an acid blob
 20831 | Gauntlet | Noticed an acid blob (glowing shapeshifter)
 20833 | Gauntlet | an acid blob changed into a caustic shrike
 20833 | Gauntlet | Noticed a caustic shrike (glowing shapeshifter)
 20834 | Gauntlet | a caustic shrike changed into an iron dragon
 20834 | Gauntlet | Noticed an iron dragon (glowing shapeshifter)
 20835 | Gauntlet | an iron dragon changed into an acid blob
 20835 | Gauntlet | Noticed an acid blob (glowing shapeshifter)
 20840 | Gauntlet | an acid blob changed into a golden dragon
 20840 | Gauntlet | Noticed a golden dragon (glowing shapeshifter)
 20841 | Gauntlet | a golden dragon changed into a shadow dragon
 20841 | Gauntlet | Noticed a shadow dragon (glowing shapeshifter)
 20842 | Gauntlet | a shadow dragon changed into a stone giant
 20842 | Gauntlet | Noticed a stone giant (glowing shapeshifter)
 20950 | Gauntlet | Identified the +7 long sword of Kyras {vorpal, rF+ rCorr}
 21001 | Gauntlet | Identified the +2 helmet of the Flute {Contam Rampage
                  | rElec}
 21003 | Gauntlet | Identified the +7 spear "Oqene" {flame, +Blink Will- rCorr
                  | Stlth+}
 21021 | Gauntlet | Identified the +7 longbow "Yshoq" {drain, rElec rC- rN+}
 21021 | Gauntlet | Identified the ring "Jolaastrosu" {Will+ Int+3 SInv}
 21116 | D:13     | Noticed Rupert
 21118 | D:13     | Found a gate to the Vaults.
 21118 | D:13     | Noticed Urug
 21215 | D:12     | Killed Urug
 21233 | D:12     | Reached skill level 5 in Hexes
 21260 | D:12     | Reached XP level 15. HP: 112/114 MP: 13/22
 21334 | D:13     | Killed Rupert
 21771 | D:13     | Got Kikubaaqudgha's Monograph on Profane Rituals
 21980 | D:13     | Noticed Josephine
 22020 | D:13     | Killed Josephine
 22334 | D:13     | Found Tairphaj's Book Shop.
 22843 | D:14     | Found Mar Tainn's Weapon Shoppe.
 22860 | D:14     | Found a shadowy altar of Dithmenos.
 22965 | D:14     | Reached skill level 10 in Throwing
 23330 | D:14     | Gained mutation: Your mind is acute. (Int +4, Str/Dex -1)
                  | [hidden potential]
 23782 | Snake:1  | Entered Level 1 of the Snake Pit
 24008 | Snake:1  | Found Zecang's Antique Weapon Shop.
 24028 | Snake:1  | Found Ruej's Distillery.
 24030 | Snake:1  | Bought a dazzling rapier for 189 gold pieces
 24030 | Snake:1  | Identified the +2 rapier of Unpleasantness {freeze, rElec
                  | rPois Str-3 Dex+6} (You bought it in a shop on level 1 of
                  | the Snake Pit)
 24030 | Snake:1  | Bought a bloodstained dagger for 147 gold pieces
 24030 | Snake:1  | Identified the +1 dagger of the Pariah {freeze, rN+ Str+4}
                  | (You bought it in a shop on level 1 of the Snake Pit)
 24038 | Snake:1  | Bought a potion of ambrosia for 112 gold pieces
 24038 | Snake:1  | Bought a potion of curing for 42 gold pieces
 24286 | Snake:1  | Reached skill level 5 in Conjurations
 24297 | Snake:1  | Found a hide-covered altar of Uskayaw.
 24439 | Snake:1  | Found a flickering gateway to a bazaar.
 24448 | Bazaar   | Entered a bazaar
 24467 | Bazaar   | Found Qunyroos's Antique Armour Shoppe.
 24467 | Bazaar   | Found Giorgh's Book Emporium.
 24489 | Bazaar   | Found Taphaov's Assorted Antiques.
 24505 | Bazaar   | Found Fomp's Armour Emporium.
 24572 | Bazaar   | Bought a pair of runed gloves for 127 gold pieces
 24590 | Bazaar   | Bought a book of Debilitation for 260 gold pieces
 24594 | Bazaar   | Learned a level 3 spell: Confusing Touch
 25164 | Snake:2  | Found Ihaec's Jewellery Shoppe.
 25171 | Snake:2  | Found Tuint's Distillery.
 25199 | Snake:2  | Found Bosuler's General Store.
 25203 | Snake:2  | Bought a potion of curing for 42 gold pieces
 25203 | Snake:2  | Bought a potion of curing for 42 gold pieces
 25203 | Snake:2  | Bought a potion of heal wounds for 70 gold pieces
 25213 | Snake:2  | Bought a potion of heal wounds for 70 gold pieces
 25213 | Snake:2  | Bought a potion of curing for 42 gold pieces
 25443 | Snake:2  | Reached ****** piety under Hepliaklqana
 25619 | Snake:2  | Reached XP level 16. HP: 120/120 MP: 17/23
 25683 | Snake:2  | Reached skill level 1 in Long Blades
 25983 | Snake:2  | Noticed Frances
 26023 | Snake:2  | Killed Frances
 26208 | Snake:2  | Identified the +1 ring mail of Defence {Str+3}
 26265 | Snake:2  | Identified the +1 leather armour of Cynicism {Int+4}
 26346 | Snake:2  | Gained mutation: You heal very quickly. [hidden potential]
 26346 | Snake:2  | Lost mutation: You have hidden genetic potential. [hidden
                  | potential expressed]
 26374 | Snake:2  | Found Qysigh's Armour Boutique.
 26783 | Snake:3  | Reached skill level 5 in Long Blades
 26881 | Snake:3  | Noticed Saint Roka
 26896 | Snake:3  | Killed Saint Roka
 27014 | Snake:3  | Found Ytzid's Tremendous Tomes.
 27375 | Snake:4  | Entered Level 4 of the Snake Pit
 27460 | Snake:4  | Found a frozen archway.
 27473 | IceCv    | Entered an ice cave
 27831 | IceCv    | HP: 1/120 [slime creature simulacrum[an orange crystal
                  | statue] (6)]
 27864 | IceCv    | Reached XP level 17. HP: 125/127 MP: 24/24
 28075 | IceCv    | Found a viscous altar of Jiyva.
 28177 | IceCv    | Identified the amulet "Fiaju" {Faith rF+}
 29142 | Snake:4  | Got a serpentine rune of Zot
 29418 | Shoals:1 | Entered Level 1 of the Shoals
 29592 | Shoals:1 | Reached skill level 15 in Armour
 29625 | Shoals:1 | Reached skill level 10 in Hexes
 30921 | Shoals:3 | Identified Roxanne's Anthology of Spelunking
 30921 | Shoals:3 | Noticed Roxanne
 31027 | Shoals:3 | Reached XP level 18. HP: 133/133 MP: 25/25
 31372 | Shoals:4 | Entered Level 4 of the Shoals
 31541 | Shoals:4 | Found a runed translucent gate.
 31542 | Shoals:4 | Found a runed translucent gate.
 31543 | Shoals:4 | Found a runed translucent gate.
 32124 | Shoals:4 | Identified the +0 pair of gloves of Impatience {Dex+4}
 32185 | Shoals:4 | Reached skill level 10 in Long Blades
 32220 | Shoals:4 | Got a barnacled rune of Zot
 32402 | Shoals:4 | Acquired 849 gold pieces
 32664 | Vaults:1 | Entered Level 1 of the Vaults
 32719 | Vaults:1 | Noticed Aizul
 32725 | Vaults:1 | Killed Aizul
 32787 | Vaults:1 | Reached skill level 15 in Throwing
 33281 | Vaults:1 | Noticed Nikola
 33296 | Vaults:1 | Killed Nikola
 33806 | Vaults:1 | Reached XP level 19. HP: 139/139 MP: 26/26
 34170 | Vaults:1 | Learned a level 3 spell: Tukima's Dance
 34465 | Vaults:2 | Identified the +1 scale mail of Nesudghor {rPois Dex+5
                  | Slay-3}
 34703 | Vaults:2 | Found a transporter.
 34704 | Vaults:2 | Found a shimmering blue altar of Sif Muna.
 34832 | Vaults:2 | Noticed Mara
 34840 | Vaults:2 | Killed Mara
 34876 | Vaults:2 | Identified the +2 robe of Indomitability {rElec rF+ rC+
                  | Will+}
 35341 | Vaults:2 | Identified the +2 hat "Pobraghy" {Regen+ Int+2}
 35393 | Vaults:2 | Found a transporter.
 35393 | Vaults:2 | Identified the amulet of the Echidna {Regen+ Slay+3}
 36442 | Vaults:3 | Reached XP level 20. HP: 146/146 MP: 27/27
 36661 | Vaults:3 | Found a staircase to the Crypt.
 37137 | Elf:1    | Entered Level 1 of the Elven Halls
 37213 | Elf:1    | Found Fiograh's Assorted Antiques.
 37217 | Elf:1    | Bought a potion of haste for 290 gold pieces
 37217 | Elf:1    | Bought a potion of heal wounds for 145 gold pieces
 37217 | Elf:1    | Bought a scroll of enchant armour for 217 gold pieces
 37554 | Elf:1    | Found a runed translucent door.
 38132 | Elf:1    | Noticed Cakin's ghost (adept DDNe)
 38211 | Elf:2    | Reached skill level 11 in Invocations
 38272 | Elf:2    | Found a crumbling gateway.
 38295 | Desolati | Entered the Desolation of Salt
 38537 | Elf:2    | Paralysed by an air elemental for 1 turns
 38684 | Elf:2    | Found a runed translucent gate.
 38685 | Elf:2    | Found a runed translucent gate.
 38685 | Elf:2    | Found a runed translucent gate.
 38955 | Elf:2    | Reached skill level 12 in Invocations
 39246 | Elf:3    | Entered Level 3 of the Elven Halls
 39308 | Elf:3    | Found a magical portal.
 39318 | WizLab   | Entered Lehudib's Moon Base
 39356 | WizLab   | Reached XP level 21. HP: 151/151 MP: 30/30
 39494 | WizLab   | Paralysed by accursed screaming for 1 turns
 39910 | WizLab   | Found a transporter.
 39946 | WizLab   | Paralysed by accursed screaming for 1 turns
 40040 | WizLab   | Reached skill level 15 in Stealth
 40092 | WizLab   | Gained mutation: You are clumsy. (Dex -2) [a neqoxec]
 40125 | WizLab   | Found a transporter.
 40135 | WizLab   | Reached skill level 13 in Invocations
 40164 | WizLab   | Gained mutation: You are very frail. (-20% HP) [a
                  | cacodemon]
 40396 | WizLab   | Identified the +0 helmet of Furphu {rN+ Dex+4}
 40566 | WizLab   | Got Lehudib's Disquisition on Amorphous Terrain
 40602 | WizLab   | Identified the amulet of the Blue Skies {rPois Regen+
                  | Slay+2}
 40603 | WizLab   | Identified the ring "Ocirro" {rF- rCorr Str+8 Dex+2}
 41208 | Elf:3    | Noticed Bai Suzhen
 41229 | Elf:3    | Killed Bai Suzhen
 41297 | Elf:3    | Reached skill level 14 in Invocations
 41574 | Elf:3    | Paralysed by an air elemental for 1 turns
 41592 | Elf:3    | Identified the +9 dagger of Darkness {venom, Int+3}
 41604 | Elf:3    | Identified the +4 halberd "Uharu" {spect, rPois Int+4}
 41604 | Elf:3    | Identified the +1 leather armour of Weirdness {rC+ MP+9}
 41618 | Elf:3    | Paralysed by an air elemental for 1 turns
 41914 | Elf:3    | Identified the +8 chain mail of the Thunderstorm {+Blink
                  | rCorr}
 42017 | Elf:3    | Identified the +1 chain mail of Iqeet {+Blink}
 42473 | Crypt:1  | Entered Level 1 of the Crypt
 42722 | Crypt:1  | Reached XP level 22. HP: 129/141 MP: 33/33
 43340 | Crypt:1  | Reached skill level 15 in Invocations
 44382 | Crypt:3  | Entered Level 3 of the Crypt
 44392 | Crypt:3  | Reached skill level 10 in Dodging
 44692 | Crypt:3  | Found a basalt altar of Yredelemnul.
 44870 | Crypt:3  | Identified the ring of Nooppa {*Slow rElec rN+ MP+9 Str+3}
 44870 | Crypt:3  | Noticed Frederick
 44877 | Crypt:3  | Reached skill level 16 in Invocations
 44927 | Crypt:3  | Killed Frederick
 45077 | Crypt:3  | Identified the +1 leather armour of Feasting {Rampage
                  | Regen+}
 45147 | Crypt:3  | Identified the amulet of Maeffem {Will+ Regen+}
 45147 | Crypt:3  | Identified the ring of Payxenem {rC- Str+6 Int+2 Dex+7
                  | Slay+2}
 45149 | Crypt:3  | Got Kikubaaqudgha's Parchment of Dark Rites
 45299 | Crypt:3  | Acquired 778 gold pieces
 45401 | Crypt:3  | Identified the ring "Fozezel" {Fly rC+ Str-4 SInv}
 45441 | Crypt:3  | Identified the +4 quarterstaff "Qucwia Ileo" {freeze, rF+
                  | Str+4 Int+2}
 45755 | Crypt:3  | Identified the +6 short sword "Dolack" {venom, rElec rPois
                  | rN+ Will-}
 45889 | Crypt:3  | Noticed Jory
 45904 | Crypt:3  | Killed Jory
 45905 | Crypt:3  | Reached XP level 23. HP: 124/150 MP: 35/35
 45909 | Crypt:3  | Found a staircase to the Tomb.
 45937 | Crypt:3  | Identified the +0 ring mail of the Moon Troll {Rampage
                  | *Slow Str+4 Int+4 Stlth+}
 46222 | D:15     | Entered Level 15 of the Dungeon
 46536 | D:15     | Found a runed translucent door.
 46663 | D:15     | Found a staircase to the Depths.
 46959 | D:15     | Identified the +10 great mace of Sandy Fortitude {drain,
                  | rElec Int+3}
 47236 | D:15     | Identified the +4 sling "Ziffupno" {vorpal, Drain rPois
                  | rF++ Dex+3}
 47419 | Depths:1 | Entered Level 1 of the Depths
 47419 | Depths:1 | Found a portal to a secret trove of treasure.
 47420 | Depths:1 | Noticed a caustic shrike
 47424 | Depths:1 | Noticed a caustic shrike
 47427 | Depths:1 | Noticed a caustic shrike
 47435 | D:15     | Killed a caustic shrike
 47451 | Depths:1 | Noticed a caustic shrike
 47461 | D:15     | Killed a caustic shrike
 47464 | D:15     | Killed a caustic shrike
 47465 | D:15     | Reached skill level 15 in Fighting
 47579 | D:15     | Killed a caustic shrike
 47651 | Depths:1 | Reached skill level 17 in Invocations
 47698 | Depths:1 | Found a gateway to Hell.
 48028 | Depths:1 | Found a sparkling altar of Nemelex Xobeh.
 48216 | Depths:1 | Found a one-way gate leading to the halls of Pandemonium.
 48244 | Depths:1 | Found a one-way gateway to a ziggurat.
 48251 | Depths:1 | Acquired 873 gold pieces
 48316 | Depths:1 | Found an ornate altar of the Wu Jian Council.
 48562 | Depths:1 | Found the +6 arbalest "Damnation" {damnation}
 48606 | Depths:1 | Identified the +10 battleaxe of the Coin {pain, Int+3}
 48625 | Depths:1 | Identified the +7 war axe "Ymoon" {freeze, rPois MP+9 Str+3
                  | Int-3}
 48653 | Depths:1 | Identified the +7 dire flail of Inquiry {pain, +Blink Fly
                  | Dex+5}
 48654 | Depths:1 | Identified the +8 whip "Nalorgh" {holy, *Noise Fragile
                  | rF+++ Dex+4}
 48937 | Depths:2 | Identified the +11 trident "Wireph" {flame, Str+4 Int+2}
 48984 | Depths:2 | Learned a level 8 spell: Discord
 49127 | Depths:2 | Reached skill level 1 in Spellcasting
 49548 | Depths:2 | Reached XP level 24. HP: 153/161 MP: 35/35
 49725 | Depths:3 | Reached skill level 18 in Invocations
 50157 | Depths:3 | Identified the ring "Uruod" {Fire Stlth+}
 50283 | Depths:3 | Reached skill level 5 in Spellcasting
 50653 | Depths:3 | Found Qapriquw's Antique Weapon Boutique.
 50816 | Depths:4 | Entered Level 4 of the Depths
 50941 | Depths:4 | Found a huge runed gate.
 50941 | Depths:4 | Found a huge runed gate.
 50941 | Depths:4 | Found a huge runed gate.
 50941 | Depths:4 | Found a huge runed gate.
 50941 | Depths:4 | Found a huge runed gate.
 50946 | Depths:4 | Found a huge runed gate.
 50946 | Depths:4 | Found a huge runed gate.
 50946 | Depths:4 | Found a huge runed gate.
 50946 | Depths:4 | Found a huge runed gate.
 50947 | Depths:4 | Found a huge runed gate.
 50950 | Depths:4 | Found a huge runed gate.
 50950 | Depths:4 | Found a huge runed gate.
 50950 | Depths:4 | Found a huge runed gate.
 50950 | Depths:4 | Found a huge runed gate.
 50950 | Depths:4 | Found a huge runed gate.
 50950 | Depths:4 | Found a huge runed gate.
 50951 | Depths:4 | Found a huge runed gate.
 50952 | Depths:4 | Found a huge runed gate.
 50953 | Depths:4 | Found a huge runed gate.
 50983 | Depths:4 | Found a huge runed gate.
 50997 | Depths:4 | Found a huge runed gate.
 50997 | Depths:4 | Found a huge runed gate.
 50997 | Depths:4 | Found a huge runed gate.
 50997 | Depths:4 | Found a huge runed gate.
 50997 | Depths:4 | Found a huge runed gate.
 50997 | Depths:4 | Found a huge runed gate.
 50997 | Depths:4 | Found a huge runed gate.
 51028 | Depths:4 | Found a huge runed gate.
 51037 | Depths:4 | Found a huge runed gate.
 51037 | Depths:4 | Found a huge runed gate.
 51037 | Depths:4 | Found a huge runed gate.
 51037 | Depths:4 | Found a huge runed gate.
 51037 | Depths:4 | Found a huge runed gate.
 51037 | Depths:4 | Found a huge runed gate.
 51038 | Depths:4 | Found a huge runed gate.
 51041 | Depths:4 | Found a huge runed gate.
 51193 | Depths:4 | Found a gate to the Realm of Zot.
 51209 | Depths:4 | Identified the ring of the Princeling {Contam Fly rN+
                  | Dex+2}
 52087 | Depths:4 | Noticed a juggernaut
 52103 | Depths:4 | Killed a juggernaut
 52104 | Depths:4 | Reached XP level 25. HP: 101/166 MP: 36/36
 52438 | Slime:1  | Entered Level 1 of the Pits of Slime
 52748 | D:5      | Found a transporter.
 52754 | D:5      | Killed paps's ghost
 52861 | D:4      | Killed aici's ghost
 53299 | Slime:5  | Entered Level 5 of the Pits of Slime
 53333 | Slime:5  | Paralysed by a floating eye for 2 turns
 53565 | Slime:5  | Found a viscous altar of Jiyva.
 53566 | Slime:5  | Noticed the Royal Jelly
 53620 | Slime:5  | Reached skill level 19 in Invocations
 53628 | Slime:5  | Killed the Royal Jelly
 53786 | Slime:5  | Found the +7 mace of Variability {chain chaos}
 53789 | Slime:5  | Identified the +10 arbalest of Change {drain, Will+}
 53811 | Slime:5  | Identified the +4 sling "Sarcophage" {freeze, Str+5}
 53814 | Slime:5  | Identified the +0 rapier "Adonoaw" {holy, *Slow rN++ Str+2}
 53834 | Slime:5  | Identified the ring "Huirchyti" {rC+ rN+ rCorr SInv}
 53910 | Slime:5  | Got a slimy rune of Zot
 53936 | Slime:5  | Learned a level 7 spell: Enfeeble
 54026 | Slime:3  | Gained mutation: Your magical capacity is low. (-10% MP) [a
                  | shining eye]
 54302 | Vaults:4 | Acquired 929 gold pieces
 54388 | Vaults:4 | Noticed Margery
 54413 | Vaults:4 | Killed Margery
 54602 | Vaults:4 | Found Aliwkume's Armour Shoppe.
 55548 | Vaults:5 | Entered Level 5 of the Vaults
 55834 | Vaults:5 | Reached XP level 26. HP: 127/177 MP: 33/33
 55929 | Vaults:5 | Reached skill level 15 in Hexes
 55941 | Vaults:5 | Found Qysa's General Store.
 55970 | Vaults:5 | Bought a potion of heal wounds for 110 gold pieces
 55970 | Vaults:5 | Bought a scroll of blinking for 165 gold pieces
 56147 | Vaults:5 | Reached skill level 10 in Spellcasting
 56218 | Vaults:5 | Identified the amulet "Sinu" {rC++ Will- Regen+ Int+3}
 56739 | Vaults:5 | Identified the +3 dagger "Usekinel" {vorpal, rPois SInv}
 56930 | Vaults:5 | Got a silver rune of Zot
 57283 | Zot:1    | Entered Level 1 of the Realm of Zot
 57329 | Zot:1    | HP: 6/270 [green draconian monk (11)]
 57330 | Zot:1    | Slain by a green draconian monk

Illustrated notes

Levels and vault maps discovered:
D:1:      tarquinn_simple_flora_water_d, layout_basic, minivault_14
D:2:      layout_basic, kennysheep_minor_cross
D:3:      layout_basic, good_gods_mini_temple, nicolae_gozag_seed_capital,
          uniq_terence, uniq_jessica, uniq_natasha
D:4:      layout_loops_ring, mainiacjoe_overflow_six_doors_small,
          gammafunk_ghost_abyssal_escape, uniq_grinder
D:5:      gammafunk_steamed_eel, layout_loops_ring,
          mainiacjoe_overflow_catwalk_spiral,
          minmay_temple_entry_statues_pillars, gammafunk_ghost_smash
D:6:      layout_basic, old_standard_altar, amcnicky_altar_gilded,
          lightli_ossuary_entry_decrepit_ruins, minmay_mini_ossuary,
          uniq_blork_the_orc, uniq_pikel, uniq_prince_ribbit1,
          uniq_crazy_yiuf_cottage, uniq_menkaure
D:7:      layout_loops_cross, tgw_trog, mainiacjoe_overflow_cross_hatched
D:8:      layout_loops_corners, nicolae_uskayaw_murder_on_the_dancefloor,
          nrook_pool_corridor
D:9:      minmay_the_grid_3x2 [minmay_the_grid_outer_circle,
          minmay_the_grid_gridbox, minmay_the_grid_minigrid_small,
          minmay_the_grid_doors, minmay_the_grid_diamond_grid,
          minmay_the_grid_prize_diamond_cup], layout_basic,
          mainiacjoe_overflow_24_doors, nzn_hepliaklqana_mist_gate,
          kennysheep_mini_moat, enter_bailey_4, grunt_decor_junction
D:10:     layout_loops_ring, fedhas_bush_and_centaur_altar,
          minmay_lair_entry_grove, nicolae_underground_beach
D:11:     layout_cave_pods, serial_shops, shop
D:12:     layout_roguey, minivault_16, minmay_shop_chei, uniq_maurice,
          uniq_kirke
D:13:     nooodl_glass_maze, layout_loops_ring, david_vaults_3, serial_shops,
          shop, gauntlet_entry_generic, roderic_lattice_a, ice2_lemuel,
          uniq_josephine
D:14:     layout_irregular_city, serial_shops,
          nicolae_shop_bloodbath_and_beyond, lemuel_round_altar,
          minmay_fractal_squares_5
D:15:     grunt_enter_depths_magical_seal, layout_basic, dk_noncrumbling_2,
          hangedman_decor_clover_reticule, minmay_st_funbox
Temple:   nicolae_temple_bog_church
Lair:1:   wander_river, layout_concentric_octagons
Lair:2:   layout_gridlike, minmay_shoals_entry_hut,
          minmay_snake_entry_six_corridors, chequers_serial_rivers_micro_c
Lair:3:   layout_chaotic_city, chequers_serial_rivers_room_b,
          chequers_serial_rivers_large_a, grunt_megastairs_5, uniq_gastronok
Lair:4:   layout_roguey, slime_entry_1
Lair:5:   cheibrodos_lair_end_hotspot, layout_cave_shapes,
          nicolae_volcano_entry_two_sided, nicolae_quartered_pool_super
Shoals:1: layout_shoals
Shoals:2: layout_shoals
Shoals:3: layout_shoals, uniq_roxanne
Shoals:4: shoals_end_simple, layout_shoals, nicolae_shoals_beach_cooler
Snake:1:  layout_layer_cave, basic_altar, serial_shops, bzr_entry_islet,
          st_stairs_11, nrook_loot_triangle, minmay_shoptagon,
          serial_bayou_shore_a, serial_bayou_shore_b
Snake:2:  layout_grid_maze, nicolae_stop_n_shop_1, grunt_ministairs_8,
          nicolae_wooded_promenade, nicolae_snake_naga_rites, uniq_frances
Snake:3:  layout_misc_corridors, nicolae_shop_i_like_big_books, uniq_saint_roka
Snake:4:  minmay_snake_end_coiled, layout_misc_corridors,
          portal_ice_cave_entry_dragon
Slime:1:  layout_caves
Slime:2:  layout_caves
Slime:3:  layout_caves
Slime:4:  layout_caves
Slime:5
Orc:1:    layout_diamond_mine
Orc:2:    st_orc_elflike, layout_diamond_mine, serial_shops,
          nicolae_shop_waterfront
Elf:1:    eino_elf_arrival_customs, layout_onion_city, serial_shops, shop,
          gammafunk_ghost_grave, minmay_elf_crystal_hexagon,
          nicolae_elf_free_trip_to_the_abyss
Elf:2:    nicolae_elf_blades_crystal_corner, layout_rooms,
          portal_desolation_entry_salt
Elf:3:    minmay_elf_hall_curves, layout_loops_corners, mu_enter_wizlab_4,
          grunt_megastairs_3, uniq_bai_suzhen
Vaults:1: hangedman_vaults_stretched_pinwheel, vaults_mumra_chevron,
          ontoclasm_vaults_bender, nicolae_vaults_three_branches,
          hangedman_vaults_slither, vaults_room_fancy_cross,
          hangedman_vaults_maws, ontoclasm_vaults_twist, ontoclasm_vaults_pinch,
          hangedman_vaults_snaps, v_misc_17, hangedman_vaults_pinch,
          layout_vaults_maze_snakey, uniq_aizul, uniq_nikola
Vaults:2: hangedman_vaults_locks, ontoclasm_vaults_claustrophobia,
          gammafunk_sealed_library, nicolae_vaults_specimen_jars, v_misc_12,
          nicolae_vaults_circle_grid_a, v_misc_9, grunt_vaults_diagonal,
          v_pattern_4, nicolae_vaults_network_s, vaults_dpeg_ring,
          nicolae_vaults_ring_of_whatevers, layout_vaults_omnibox, uniq_mara
Vaults:3: nicolae_vaults_angled_halls, v_misc_19, v_misc_23,
          hangedman_vaults_capsules, minmay_crypt_entry_simple_plaza,
          v_pattern_2, v_rooms_5, nicolae_vaults_ring_of_whatevers,
          nicolae_vaults_asterisk, vaults_room_hallway,
          nicolae_vaults_network_periphery, hangedman_vaults_nails,
          nicolae_vaults_yaktaur_gun_rack, layout_vaults_ring
Vaults:4: vaults_room_grid, nicolae_vaults_halls_meeting, v_rooms_4,
          hangedman_vaults_unwind, vaults_dpeg_encased_lava,
          vaults_room_door_ring, vaults_mumra_chevron_long,
          nicolae_vaults_little_squares_2, v_pattern_5, hangedman_vaults_nails,
          hangedman_vaults_trim, vaults_mumra_lcd, vaults_room_stairs_pillars,
          ontoclasm_vaults_ring_small, v_misc_29, layout_vaults_big_cross,
          serial_shops, shop, uniq_margery
Vaults:5
Crypt:1:  layout_misc_corridors, grunt_crypt_arrival_guarded_gate
Crypt:2:  layout_chaotic_city, lemuel_upstairs_altar
Crypt:3:  grunt_crypt_end_deaths_head, uniq_frederick
Depths:1: gold_lair_mu, layout_gridlike, enter_ziggurat_f,
          nicolae_trove_entry_crossroad, nemelex_xobeh_ov_fountains_minmay,
          pan_entry, hellmouth_3, nicolae_wu_jian_wuxing_cycle
Depths:2: hangedman_crystal_crosses_colossus [crystal_crosses_arms_four,
          crystal_crosses_arms_four, crystal_crosses_arms_two,
          crystal_crosses_arms_one], hell_entry, serial_shops, pan_entry
Depths:3: minmay_bad_star, layout_cave_pools, minmay_room_of_horrors,
          grunt_hell_entry_dis_mu, minmay_misc_feat_iff, serial_shops,
          nicolae_take_the_stairs, fake_guardian_serpent_vault
Depths:4: grunt_crosshair, layout_basic, rand_demon_pan_entry_8, hell_entry,
          grunt_ministairs_6, minmay_misc_feat_pillars, st_stairs_4,
          hangedman_decor_opposing, door_vault
Zot:1:    layout_onion, evilmike_ambush [evilmike_ambush_outer_basic,
          evilmike_ambush_inner_basic], grunt_megastairs_1

Skill      XL: |  1  2  3  4  5  6  7  8  9 10 11 12 13 14 15 16 17 18 19 20 21 22 23 24 25 26 |
---------------+-------------------------------------------------------------------------------+-----
Fighting       | 2 3 4 5 6 7 9 11 12 14 16 17 18 | 18.8
Short Blades   | 2 3 4 5 6 7 9 10 | 10.2
Dodging        | 1 2 3 4 5 7 8 9 10 11 12 13 | 13.1
Stealth        | 5 6 7 8 9 10 11 13 14 16 17 18 | 18.0
Armour         | 2 5 7 9 10 12 13 14 15 16 | 16.0
Shields        | 2 5 6 |  6.0
Invocations    | 2 6 9 10 12 14 16 17 18 19 | 19.8
Throwing       | 3 6 9 11 12 14 15 16 17 | 17.0
Hexes          | 5 8 9 10 13 14 15 | 15.6
Conjurations   | 3 5 |  5.0
Long Blades    | 6 9 11 13 14 | 14.7
Spellcasting   | 2 7 9 10 | 10.0

Action                   |  1- 3 |  4- 6 |  7- 9 | 10-12 | 13-15 | 16-18 | 19-21 | 22-24 | 25-27 || total
-------------------------+-------+-------+-------+-------+-------+-------+-------+-------+-------++-------
Melee: Dagger            |   113 |   274 |   566 |   365 |  1692 |       |       |    14 |       ||  3024
       Tailslap          |     9 |    41 |   120 |   272 |   446 |   442 |   407 |   572 |   262 ||  2571
       Punch             |     1 |     5 |    19 |    24 |       |       |       |       |       ||    49
       Short sword       |       |       |   228 |   848 |       |       |       |       |       ||  1076
       Double sword      |       |       |       |       |    12 |   146 |  1469 |  1219 |   927 ||  3773
       Rapier            |       |       |       |       |   167 |  1653 |    15 |       |       ||  1835
       Scimitar          |       |       |       |       |       |       |   121 |   857 |       ||   978
       Demon blade       |       |       |       |       |       |       |       |    21 |       ||    21
Throw: Dart              |     4 |    13 |    54 |    47 |     8 |    44 |       |       |       ||   170
       Javelin           |       |     4 |       |       |     4 |    17 |    21 |     8 |     3 ||    57
       Boomerang         |       |       |       |     5 |   106 |    76 |   107 |    28 |    90 ||   412
 Cast: Dazzling Flash    |       |       |       |       |       |    38 |     7 |       |       ||    45
Invok: Ancestor Life: He |       |       |       |     1 |       |       |       |       |       ||     1
       Transference      |       |       |       |       |     2 |     1 |       |       |       ||     3
       Recall Ancestor   |       |       |       |       |     2 |     1 |     2 |     4 |     2 ||    11
       Idealise          |       |       |       |       |     1 |     5 |     5 |     4 |     4 ||    19
Evoke: Wand              |       |       |       |    10 |     5 |       |       |       |       ||    15
       Phantom mirror    |       |       |       |     1 |     1 |       |     1 |       |       ||     3
       Condenser vane    |       |       |       |       |       |     1 |     1 |       |     1 ||     3
       Tin of tremorston |       |       |       |       |       |       |     1 |       |       ||     1
  Use: Scroll            |       |    13 |     6 |     7 |    19 |    14 |    11 |     5 |     7 ||    82
       Potion            |       |       |     2 |    10 |    12 |     5 |     9 |     3 |     6 ||    47
 Stab: Sleeping          |     8 |     7 |       |     3 |     5 |     1 |     8 |     7 |     3 ||    42
       Distracted        |       |       |     1 |     6 |    26 |    33 |    21 |    31 |     9 ||   127
       Invisible         |       |       |     2 |     4 |    20 |    74 |    22 |    34 |    10 ||   166
       Confused          |       |       |       |     6 |    29 |    45 |    74 |   125 |    54 ||   333
       Petrifying        |       |       |       |       |     1 |       |       |     1 |       ||     2
       Petrified         |       |       |       |       |     1 |       |       |     1 |       ||     2
       Paralysed         |       |       |       |       |    13 |    73 |    73 |   100 |    75 ||   334
Armor: Robe              |    28 |    26 |       |       |       |       |       |       |       ||    54
       Chain mail        |       |    64 |   359 |   405 |   243 |   163 |       |       |       ||  1234
       Fire dragon scale |       |       |       |       |   556 |   777 |   828 |  1024 |   640 ||  3825
Dodge: Dodged            |    30 |    76 |   130 |   258 |   466 |   601 |   578 |   710 |   448 ||  3297
       Repelled          |       |       |       |     2 |     4 |       |       |       |       ||     6
Block: Buckler           |       |       |       |   108 |   605 |   725 |   516 |   662 |   351 ||  2967
       Reflection        |       |       |       |     1 |    56 |    82 |    68 |    39 |    18 ||   264

Table legend: (Time is in decaauts)
 A = Elapsed time spent in this place.
 B = Non-inter-level travel time spent in this place.
 C = Inter-level travel time spent in this place.
 D = Time resting spent in this place.
 E = Time spent auto-exploring this place.
 F = Levels seen in this place.
 G = Mean time per level.
                   A        B        C        D        E       F      G
               +--------+--------+--------+--------+--------+-----+--------+
         Total |  57277 |  52563 |   4714 |   3099 |  34065 |  58 |  987.5 |
       Dungeon |  18254 |  16592 |   1662 |   1172 |  12050 |  15 | 1216.9 |
        Temple |    182 |    158 |     24 |      0 |    152 |   1 |  182.0 |
          Lair |   5774 |   4926 |    848 |      0 |   3711 |   5 | 1154.8 |
        Shoals |   3377 |   3208 |    169 |     35 |   2221 |   4 |  844.2 |
     Snake Pit |   4645 |   4465 |    180 |    268 |   2844 |   4 | 1161.2 |
    Slime Pits |   1013 |    921 |     92 |    195 |    193 |   5 |  202.6 |
  Orcish Mines |   1337 |   1177 |    160 |     37 |    871 |   2 |  668.5 |
   Elven Halls |   3806 |   3668 |    138 |    321 |   2160 |   3 | 1268.7 |
        Vaults |   7517 |   6586 |    931 |    276 |   4154 |   5 | 1503.4 |
         Crypt |   3562 |   3393 |    169 |    468 |   1554 |   3 | 1187.3 |
        Depths |   4790 |   4454 |    336 |     74 |   2963 |   4 | 1197.5 |
           Zot |     10 |     10 |      0 |      0 |      0 |   1 |   10.0 |
        Bazaar |    202 |    202 |      0 |      0 |     87 |   1 |  202.0 |
      Ice Cave |    772 |    772 |      0 |     76 |    299 |   1 |  772.0 |
       Volcano |    187 |    187 |      0 |      0 |     65 |   1 |  187.0 |
        Wizlab |   1305 |   1305 |      0 |    145 |    526 |   1 | 1305.0 |
    Desolation |     82 |     82 |      0 |     14 |      0 |   1 |   82.0 |
      Gauntlet |    454 |    454 |      0 |     16 |    209 |   1 |  454.0 |
               +--------+--------+--------+--------+--------+-----+--------+

Top non-repeatable levels by time:
     D:8: 1903 daAuts
     D:9: 1807 daAuts
Vaults:1: 1723 daAuts
   Elf:3: 1705 daAuts
Vaults:2: 1622 daAuts
 Crypt:3: 1617 daAuts
  Lair:5: 1546 daAuts
    D:13: 1540 daAuts
    D:15: 1508 daAuts
    D:10: 1498 daAuts
Depths:4: 1452 daAuts
Vaults:4: 1407 daAuts
     D:6: 1404 daAuts
 Snake:2: 1401 daAuts
Vaults:5: 1396 daAuts
